 Dungeon Crawl Stone Soup version 0.29.1-12-g30fa7ad0bf (webtiles) character file.

Game seed: 9121415980734281980

53 javelincjr the Magician (level 4, -2/31 HPs)
             Began as a Djinni Conjurer on Jan 18, 2023.
             Slain by Terence
             ... wielding the +7 Throatcutter {drain, coup de grace}
              (10 damage)
             ... on level 2 of the Dungeon.
             The game lasted 00:05:06 (1750 turns).

javelincjr the Magician (Djinni Conjurer)           Turns: 1750, Time: 00:05:07

Health: -2/31      AC:  2    Str:  3 (6)  XL:     4   Next: 11%
Gold:   93         EV: 12    Int: 20 (21) God:
                   SH:  0    Dex:  9 (12)

rFire   + + .      SeeInvis .   i - +0 dagger
rCold   x . .      Faith    .   (no shield)
rNeg    . . .      Spirit   .   a - +0 robe
rPois   ∞          Reflect  .   (no helmet)
rElec   .          Harm     .   (no cloak)
rCorr   .          Rampage  .   (no gloves)
Will    .....                   (boots unavailable)
Stlth   ++........              (no amulet)
HPRegen 0.10/turn               (no ring)
MPRegen 0.00/turn               (no ring)

@: flying
A: sickness immunity, fire resistance 2, cold vulnerability 1, float, innate
caster, HP casting, extra vitality 1
a: no special abilities


You were on level 2 of the Dungeon.
You visited 1 branch of the dungeon, and saw 2 of its levels.

You collected 93 gold pieces.

Inventory:

Hand Weapons
 f - a +0 club
 h - a +0 mace
 i - a +0 dagger (weapon)
Armour
 a - a +0 robe (worn)
Scrolls
 b - a scroll of summoning {unknown}
 e - 3 scrolls of identify {unknown}
 g - 2 scrolls of magic mapping {unknown}
 j - a scroll of immolation {unknown}
 l - a scroll of teleportation {unknown}
Potions
 d - a potion of invisibility {unknown}
 k - a potion of curing {unknown}
 m - a potion of magic {unknown}


   Skills:
 + Level 2.3 Dodging
 + Level 1.9 Stealth
 + Level 4.1 Spellcasting


You couldn't memorise any spells.
You knew the following spells:

 Your Spells              Type           Power      Damage    Failure   Level
a - Magic Dart            Conj           80%        1d7       2%          1
b - Searing Ray           Conj           40%        2d5       3%          2
c - Dazzling Flash        Conj/Hex       40%        N/A       7%          3
d - Fulminant Prism       Conj/Hex       10%        3d9       22%         4
e - Iskenderun's Mystic   Conj/Tloc      20%        2d6       22%         4
f - Summon Small Mammal   Summ           80%        N/A       2%          1
Your spell library was empty.

Dungeon Overview and Level Annotations

Branches:
Dungeon (2/15)

Altars:

Annotations:
D:2 Terence


Innate Abilities, Weirdness & Mutations

You are immune to sickness and miasma.
You are immune to poison.
Your flesh is very heat resistant. (rF++)
You are vulnerable to cold. (rC-)
You float through the air rather than walking.
You learn spells naturally, not from books.
Your magical power is your life essence.
You have superior vitality. (+4 MHP)


Message History

(Press . to maintain the ray.)
The searing ray misses Terence.
A frilled lizard comes into view.
The searing ray misses Terence.
The searing ray misses Terence.
You finish channelling your searing ray.
The frilled lizard hisses angrily.
You hear a shout! x2
Terence hits you with the +7 Throatcutter {drain, coup de grace}.
Casting: Searing Ray (safe; 3% risk of failure)
Confirm with . or Enter, or press ? or * to list all spells.
Aiming: Searing Ray (safe; 3% risk of failure)
Press: ? - help, Shift-Dir - straight line, f/p - Terence
Aim: Terence, wielding the +7 Throatcutter {drain, coup de grace} and wearing a +1 scale mail of willpower (81% to hit)
The searing ray hits Terence.
Terence is lightly wounded. (Press . to maintain the ray.)
A kobold comes into view. It is wielding a +0 short sword.
Terence hits you with the +7 Throatcutter {drain, coup de grace}.
The searing ray hits Terence.
Terence is moderately wounded.
The kobold drinks a potion.
The kobold seems to speed up.
Terence barely misses you.
The searing ray hits Terence.
Terence is severely wounded.
The searing ray hits the frilled lizard.
You kill the frilled lizard!
Terence hits you with the +7 Throatcutter {drain, coup de grace}.
* * * LOW HITPOINT WARNING * * *
The searing ray hits Terence but does no damage.
Terence is severely wounded.
* * * LOW HITPOINT WARNING * * *
You finish channelling your searing ray.
Terence barely misses you.
A kobold comes into view. It is wielding a +0 club.
It was a potion of degeneration.
There was something very wrong with that liquid.
You feel weakened.
You feel dopey.
You feel clumsy. Terence looks scornfully at you.
Terence hits you with the +7 Throatcutter {drain, coup de grace}!
You die...

#####
#...###########
#..........|...
##..#...........
#....##.@@.†...K
#.#..#.#...K....
#..)..#.##......
#.#)...##.#....#
#.#....#.#.#..#.
#.#.....#.##..#
#.#......##....#
#.#.......... ..
#.#......... ..


You could see Terence and 2 kobolds.

Vanquished Creatures
  2 adders (D:2)
  A ball python (D:1)
  An endoplasm (D:2)
  A giant cockroach (D:2)
  7 goblins
  3 hobgoblins (D:2)
  5 quokkas
  4 bats
  3 frilled lizards
  4 kobolds (D:1)
  3 rats
34 creatures vanquished.

Notes
Turn   | Place    | Note
-------+----------+-------------------------------------------
     0 | D:1      | javelincjr the Djinni Conjurer began the quest for the Orb.
     0 | D:1      | javelincjr set off with the following spells memorised:
                  | Magic Dart, Searing Ray, Dazzling Flash, Fulminant Prism,
                  | Iskenderun's Mystic Blast.
     0 | D:1      | Reached XP level 1. HP: 15/15 MP: 0/0
   320 | D:1      | Reached XP level 2. HP: 19/21 MP: 0/0
   793 | D:1      | Found a faded altar of an unknown god.
  1234 | D:1      | Reached XP level 3. HP: 22/25 MP: 0/0
  1234 | D:1      | Learned a level 1 spell: Summon Small Mammal
  1514 | D:2      | Reached skill level 4 in Spellcasting
  1528 | D:2      | Reached XP level 4. HP: 17/31 MP: 0/0
  1740 | D:2      | Noticed Terence
  1750 | D:2      | Slain by Terence

Illustrated notes

Levels and vault maps discovered:
D:1:      evilmike_arrival_plus, layout_loops_cross,
          shapermc_ecumenical_altar_mp_urbaneastern, minmay_misc_feat_hallway,
          minmay_unequal
D:2:      layout_loops_ring, minmay_misc_feat_secret_circle, uniq_natasha,
          uniq_terence, uniq_crazy_yiuf_cottage

Skill      XL: |  1  2  3 |
---------------+----------+-----
Spellcasting   | 4 |  4.1
Dodging        | |  2.3
Stealth        | |  1.9

Action                   |  1- 3 |  4- 6 || total
-------------------------+-------+-------++-------
Melee: Unarmed           |     2 |       ||     2
       Dagger            |     4 |     5 ||     9
       Mace              |     1 |       ||     1
 Cast: Magic Dart        |    27 |     5 ||    32
       Searing Ray       |     9 |     2 ||    11
  Use: Potion            |       |     1 ||     1
 Stab: Sleeping          |     2 |       ||     2
Armor: Robe              |     1 |       ||     1
Dodge: Dodged            |    10 |     7 ||    17
